 Seeded DCSS version 0.30.1-4-g462c640d31 (webtiles) character file.

Game seed: 15660985446129201502 (custom seed)

107 AccursedSamuel the Slasher (level 4, -8/29 HPs)
             Began as a Tengu Monk on Sept 12, 2023.
             Killed by nerve-wracking pain
             ... invoked by an orc priest
              (12 damage)
             ... on level 3 of the Dungeon.
             The game lasted 00:03:59 (1178 turns).

AccursedSamuel the Slasher (Tengu Monk)             Turns: 1178, Time: 00:04:00

Health: -8/29      AC:  7    Str:  9 (11) XL:     4   Next: 86%
Magic:  11/11      EV: 13    Int: 17 (19) God:
Gold:   85         SH:  0    Dex: 14 (16) Spells: 3/3 levels left

rFire   . . .        e - +6 Majin-Bo {spellvamp, MP+6 Int+6}
rCold   . . .        d - orb {light}
rNeg    . . .        (no body armour)
rPois   .            (helmet restricted)
rElec   .            r - +2 cloak
rCorr   .            (no gloves)
SInv    .            (boots unavailable)
Will    .....        (no amulet)
Stlth   +            p - +4 ring of protection
HPRegen 0.24/turn    (no ring)
MPRegen 0.12/turn

%: no passive effects
@: glowing
A: beak, talons 3
a: no special abilities


You were on level 3 of the Dungeon.
You visited 1 branch of the dungeon, and saw 3 of its levels.

You collected 85 gold pieces.

Inventory:

Hand Weapons
 a - a +0 falchion
 e - the +6 Majin-Bo (weapon) {spellvamp, MP+6 Int+6}
   (You acquired it on level 1 of the Dungeon)

   Int:       It affects your intelligence (+6).
   MP:        It affects your magic capacity (+6).
 q - a +3 quarterstaff of chaos
Armour
 d - an orb of light (worn)
 r - a +2 cloak (worn)
Jewellery
 p - a +4 ring of protection (left hand)
Scrolls
 o - a scroll of teleportation
Potions
 c - a potion of ambrosia
 m - a potion of magic


   Skills:
 + Level 3.6 Fighting
 + Level 4.2 Long Blades
 + Level 1.7 Staves
 + Level 4.2 Dodging


You had 3 spell levels left.
You didn't know any spells.
Your spell library contained the following spells:

 Spells                   Type           Power      Damage    Failure   Level
 Cigotuvi's Dreadful Rot  Necr/Pois/Air  0%         N/A       34%         2
 Ignite Poison            Fire/Tmut/Pois 0%         N/A       56%         3
 Dispel Undead            Necr           0%         3d6       93%         4
 Sticky Flame             Conj/Fire      0%         2d3       93%         4
 Death Channel            Necr           0%         N/A       100%        6
 Ignition                 Fire           0%         3d3       100%        8


Dungeon Overview and Level Annotations

Branches:
Dungeon (3/15)

Altars:


Innate Abilities, Weirdness & Mutations

You have a beak for a mouth.
You have claws for feet.


Message History

A rat is nearby! 2 orcs come into view.
The orc shouts! x2
You barely miss the rat. You peck the rat.
You kill the rat!
An orc priest comes into view. It is wielding a +0 hand axe.
You see here a rat corpse.
The orc priest looks satisfied for a moment.
An orc priest comes into view. It is wielding a +0 short sword.
The orc priest shouts!
You hit the orc but do no damage. The orc barely misses you.
You sock the orc!
You kill the orc!
An orc comes into view. It is wielding a +0 dagger.
You barely miss the orc.
The orc shouts!
You claw the orc.
The orc is severely wounded.
The orc closely misses you.
You hit the orc.
You kill the orc!
The orc priest calls down the wrath of Beogh upon you.
Beogh smites you!
The orc priest invokes the aid of Beogh against you.
You barely resist.
Items here: ( )) [.
The orc priest looks satisfied for a moment.
The orc priest casts a cantrip, but nothing happens.
The orc priest hits you but does no damage.
The orc priest looks encouraged for a moment.
Items here: ( )) [.
You barely miss the orc priest. You claw the orc priest.
The orc priest is lightly wounded.
The orc priest hits you but does no damage.
The orc priest mumbles some strange prayers to Beogh against you.
Beogh smites you!
* * * LOW HITPOINT WARNING * * *
The orc priest invokes the aid of Beogh against you.
Pain shoots through your body!
You die...

#.# #.# ##.##
##...#####
.........##
##...###..###
##.## ##...##
....
###..######.####
#.#.#
##..†.@oo.....
#.#.~
#######o..### #
#.♣ ...# .. ..#
.# #


You could see 2 orc priests and an orc.

Vanquished Creatures
  Crazy Yiuf (D:2)
  Jessica (D:2)
  An adder (D:2)
  A dart slug (D:2)
  2 orcs (D:3)
  5 endoplasms
  2 giant cockroaches (D:2)
  5 goblins
  2 hobgoblins
  2 kobolds (D:2)
  4 quokkas
  2 ball pythons
  A bat (D:1)
  4 frilled lizards (D:2)
  6 rats
  A spectral kobold (D:2)
40 creatures vanquished.

Notes
Turn   | Place    | Note
-------+----------+-------------------------------------------
     0 | D:1      | AccursedSamuel the Tengu Monk began the quest for the Orb.
     0 | D:1      | Reached XP level 1. HP: 14/14 MP: 2/2
   113 | D:1      | Reached XP level 2. HP: 19/19 MP: 3/3
   131 | D:1      | Identified a scroll of acquirement
   131 | D:1      | Acquired the +6 Majin-Bo {spellvamp, MP+6 Int+6}
   131 | D:1      | Found the +6 Majin-Bo {spellvamp, MP+6 Int+6}
   337 | D:2      | Found a faded altar of an unknown god.
   343 | D:2      | Reached XP level 3. HP: 19/23 MP: 4/4
   440 | D:2      | Found a runed translucent door.
   441 | D:2      | Noticed Crazy Yiuf
   657 | D:2      | Noticed Jessica
   665 | D:2      | Killed Jessica
   666 | D:2      | Reached skill level 1 in Staves
   666 | D:2      | Reached XP level 4. HP: 28/28 MP: 5/5
   934 | D:2      | Killed Crazy Yiuf
  1178 | D:3      | Killed from afar by an orc priest

Illustrated notes

Levels and vault maps discovered:
D:1:      minmay_arrival_pointy, layout_loops_ring, minmay_gold_behind_fungi
D:2:      layout_basic, dreamdust_ecumenical_altar_drowned_temple,
          hangedman_decor_clover_reticule, fountainhead,
          uniq_crazy_yiuf_cottage, uniq_jessica
D:3:      layout_loops_ring, general_overflow_altar, serial_bayou_pond_d

Skill      XL: |  1  2  3 |
---------------+----------+-----
Long Blades    | 4 |  4.2
Staves         | 1 |  1.7
Dodging        | 4 |  4.2
Fighting       | |  3.6

Action                     |  1- 3 |  4- 6 || total
---------------------------+-------+-------++-------
  Melee: Falchion          |    17 |       ||    17
         Kick              |     6 |     3 ||     9
         Peck              |     5 |     2 ||     7
         Bo                |    23 |    17 ||    40
    Use: Scroll            |     1 |     4 ||     5
         Potion            |       |     5 ||     5
 Armour: Robe              |     7 |       ||     7
         Skin              |       |     2 ||     2
  Dodge: Dodged            |    42 |     4 ||    46
